 Dungeon Sprint DCSS version 0.26-a0-958-gf3041fb45f (webtiles) character file.

Game seed: 17442964994212905816

3994 Conn the Slicer (level 10, -2/70 HPs)
             Began as a Kobold Chaos Knight on Nov 30, 2020.
             Was a Plaything of Xom.
             Slain by a +4 trident of flaming (9 damage)
             ... in the Dungeon (Sprint V: "Ziggurat Sprint").
             The game lasted 00:11:39 (653 turns).

Conn the Slicer (Kobold Chaos Knight)                Turns: 653, Time: 00:11:45

Health: -2/70      AC:  5    Str: 17    XL:     10   Next: 46%
Magic:  20/20      EV: 19    Int: 15    God:    Xom [..*...]
Gold:   0          SH:  0    Dex: 15    Spells: 9/22 levels left

rFire    . . .     SeeInvis .   E - +7 Screaming Sword {vorpal, sonic wave}
rCold    . . .     Faith    .   (shield currently unavailable)
rNeg     . . .     Spirit   .   P - +2 leather armour {MR+}
rPois    .         Reflect  .   (no helmet)
rElec    .         Harm     .   (no cloak)
rCorr    .         Rampage  .   (no gloves)
MR       ++...     NoTele   +   (no boots)
Stlth    +++.......             (no amulet)
HPRegen  0.21/turn              B - +6 ring of strength
MPRegen  0.17/turn              R - ring "Suonu" {Wiz MR+}

@: flying (expiring), hasted, very quick
A: small, nightstalker 3
a: Renounce Religion


You were in the Dungeon.
You worshipped Xom.
You were a toy of Xom.
You visited 1 branch

Inventory:

Hand Weapons
 a - a +0 short sword of chaos
 E - the +7 Screaming Sword (weapon) {vorpal, sonic wave}
   (You found it in the Dungeon)

   It inflicts extra damage upon your enemies.
 F - the +8 lance "Wyrmbane" {slay drac, rPois rF+ rC+ AC+3}
   (You found it in the Dungeon)

   It affects your AC (+3).
   It protects you from fire.
   It protects you from cold.
   It protects you from poison.
 G - the +6 shillelagh "Devastator" {shatter}
   (You found it in the Dungeon)
 H - the +9 sword of Zonguldrok {reap}
   (You found it in the Dungeon)

   If a monster killed with it leaves a corpse in good enough shape, the corpse
   will be animated as a zombie friendly to the killer.
 I - the +6 Majin-Bo {vamp, MP+6 Int+6}
   (You found it in the Dungeon)

   It inflicts no extra harm, but heals its wielder when it wounds a living foe.
   It affects your intelligence (+6).
   It affects your magic capacity (+6).
 J - the +9 heavy crossbow "Sniper" {vorpal, Acc+∞ SInv}
   (You found it in the Dungeon)

   Any bolt fired from it inflicts extra damage.
   It lets you see invisible.
 K - the +14 obsidian axe {vorpal, +Fly SInv *Curse}
   (You found it in the Dungeon)

   It inflicts extra damage upon your enemies.
   It lets you see invisible.
   It lets you fly.
   It curses itself when equipped.
Armour
 b - a +2 leather armour
 L - the +15 Maxwell's patent armour {-Cast -Tele rElec MR+ rCorr}
   (You found it in the Dungeon)

   It insulates you from electricity.
   It affects your resistance to hostile enchantments.
   It prevents spellcasting.
   It prevents most forms of teleportation.
   It provides partial protection from all sources of acid and corrosion.
 M - the +18 shield of the Gong {rElec rN+ MR+ EV-5}
   (You found it in the Dungeon)

   It affects your evasion (-5).
   It insulates you from electricity.
   It protects you from negative energy.
   It affects your resistance to hostile enchantments.
 N - a +3 kite shield
 P - a +2 leather armour of magic resistance (worn)
 U - the cursed +0 chain mail "Boet" {*Slow rElec rF+}
   (You found it in the Dungeon)

   It protects you from fire.
   It insulates you from electricity.
   It may slow you when you take damage.
   It has a curse placed upon it.
 V - the +0 plate armour of the Turtle {rPois rC+}
   (You found it in the Dungeon)

   It protects you from cold.
   It protects you from poison.
Magical Staves
 S - an uncursed staff of conjuration
Jewellery
 w - an uncursed ring of flight
 x - a +6 ring of dexterity
 y - a +6 ring of dexterity
 z - a +6 ring of intelligence
 A - a +6 ring of intelligence
 B - a +6 ring of strength (left hand)
 C - a +6 ring of strength
 R - the ring "Suonu" (right hand) {Wiz MR+}
   (You found it in the Dungeon)

   [ring of wizardry]

   It improves your spell success rate.
   It affects your resistance to hostile enchantments.
Wands
 t - a wand of disintegration (7)
 u - a wand of iceblast (7)
 v - a wand of acid (7)
Scrolls
 h - 4 scrolls of blinking
 n - 4 scrolls of amnesia
 o - 7 scrolls of fog
 p - a scroll of holy word
 q - 5 scrolls of identify
 r - 4 scrolls of remove curse
 s - 2 scrolls of fear
 Q - 4 scrolls of enchant weapon
Potions
 c - 10 potions of curing
 d - 10 potions of heal wounds
 e - 5 potions of haste
 f - 7 potions of magic
 g - 3 potions of berserk rage
 i - 2 potions of brilliance
 j - 2 potions of invisibility
 k - 4 potions of resistance
 m - 5 potions of might
Miscellaneous
 D - a lightning rod (4/4)
 O - a phantom mirror
 T - a lightning rod (4/4)


   Skills:
 + Level 11.2 Fighting
 + Level 13.4(14.3) Short Blades
 + Level 5.3(7.9) Long Blades
 + Level 0.3 Axes
 * Level 3.5 Armour
 + Level 7.1 Dodging
 + Level 2.8 Stealth
 * Level 6.8 Spellcasting
 - Level 6.3 Hexes
 * Level 5.3 Necromancy
 * Level 6.6 Fire Magic


You had 9 spell levels left.
You knew the following spells:

 Your Spells              Type           Power        Failure   Level
a - Inner Flame           Hex/Fire       ###.....     1%          3
b - Pain                  Necr           ###.         1%          1
c - Animate Dead          Necr           ###.......   8%          4
d - Agony                 Necr           ###.....     21%         5

Your spell library contained the following spells:

 Spells                   Type           Power        Failure   Level
 Animate Skeleton         Necr           ###...       1%          1
 Corona                   Hex            ###....      1%          1
 Slow                     Hex            ###.....     1%          2
 Vampiric Draining        Necr           ###.......   2%          3
 Cause Fear               Hex            ###.......   4%          4
 Portal Projectile        Hex/Tloc       ##....       5%          3
 Leda's Liquefaction      Hex/Erth       ##........   17%         4


Dungeon Overview and Level Annotations

Branches:
Dungeon (1/1)

Altars:
Ashenzari
Cheibriados
Dithmenos
Elyvilon
Fedhas
Gozag
Hepliaklqana
Kikubaaqudgha
Makhleb
Nemelex Xobeh
Okawaru
Qazlal
Ru
Sif Muna
Trog
Uskayaw
Vehumet
Wu Jian
Xom
Yredelemnul
Zin
The Shining One
Beogh
Jiyva
Lugonu


Innate Abilities, Weirdness & Mutations

You are small and have problems with some larger weapons.
You are completely attuned to the shadows.


Message History

The snapping turtle changes into an elephant!
The air elemental misses you.
The deep elf mage mumbles some strange words.
The +4 trident of flaming hits you from afar!
The +4 trident of flaming burns you.
Unknown command.
You miss the air elemental.
The air elemental is severely damaged.
You are engulfed in raging winds.
The elephant changes into an eye of devastation!
The air elemental barely misses you.
You riposte.
You barely miss the air elemental.
The air elemental is severely damaged.
The air elemental hits you.
The deep elf knight hits you with a +2 scimitar of protection.
The +4 trident of flaming hits you from afar!!
* * * LOW HITPOINT WARNING * * *
The +4 trident of flaming burns you!
You die...
Xom is highly amused!

,
▓.....▓.....▓..©..▓
*▓..©..▓..©..▓▓▓▓▓▓▓
,▓▓▓▓▓▓▓▓▓▓▓▓▓▓*
▓..8©8...▓ ,8©
▓...[)...▓,.[:)..4▓
,▓........▓.§§§§.§.▓
*▓........▓.§§§§e§§▓
,▓........▓.§§§§e§§▓
,▓.▓....▓.▓.▓§(E@▓.▓
▓...©....▓..§G§§§.▓
,▓▓▓▓▓▓▓▓▓▓▓▓▓▓▓▓▓▓▓
, ,, ©8,,,*,, © , ,
,,,, ,,*,, , ,,, ,
,* , , , ,,, , , , *
, , ,


You could see an eye of devastation shaped shifter, an orange demon (summoned,
wandering), a deep elf knight (fast), a deep elf mage, an air elemental and a +4
trident of flaming.

Vanquished Creatures
  2 two-headed ogres (D)
  A fire elemental (D)
  A large abomination (D)
  2 hell hounds (D)
  A floating eye (D)
  An ogre (D)
  A quasit (D)
  An iron imp (D)
  An ufetubus (D)
  An ooze (D)
  A fire vortex (D)
13 creatures vanquished.

Notes
Turn   | Place    | Note
-------+----------+-------------------------------------------
     0 | D        | Conn the Kobold Chaos Knight began the quest for the Orb.
     0 | D        | Reached XP level 1. HP: 14/14 MP: 1/1
     0 | D        | Found a radiant altar of Vehumet.
     5 | D        | Found a hide-covered altar of Uskayaw.
     6 | D        | Found a shimmering blue altar of Sif Muna.
     6 | D        | Found a sacrificial altar of Ru.
     6 | D        | Found a bloodstained altar of Trog.
     6 | D        | Found a stormy altar of Qazlal.
     8 | D        | Found an iron altar of Okawaru.
    11 | D        | Found a sparkling altar of Nemelex Xobeh.
    12 | D        | Found the +6 Majin-Bo {vamp, MP+6 Int+6}
    12 | D        | Found the +9 heavy crossbow "Sniper" {vorpal, Acc+∞ SInv}
    12 | D        | Found the +10 dark maul {vorpal}
    12 | D        | Found the +15 Maxwell's patent armour {-Cast -Tele rElec
                  | MR+ rCorr}
    12 | D        | Found the +18 shield of the Gong {rElec rN+ MR+ EV-5}
    12 | D        | Found the cursed +14 obsidian axe {vorpal, +Fly SInv
                  | *Curse}
    12 | D        | Found the +7 great mace "Firestarter" {inner flame, rF++}
    12 | D        | Found the +6 shillelagh "Devastator" {shatter}
    12 | D        | Found the +11 plutonium sword {*Contam Stlth-}
    12 | D        | Found the +8 lance "Wyrmbane" {slay drac, rPois rF+ rC+
                  | AC+3}
    12 | D        | Found the +9 sword of Zonguldrok {reap}
    12 | D        | Found the cursed +13 scythe of Curses {drain, *Curse}
    12 | D        | Found the +0 sword of Power
    12 | D        | Found the +7 mace of Variability {chain chaos}
    12 | D        | Found the +7 Singing Sword {vorpal, sonic wave}
    12 | D        | Found the +8 storm bow {elec, penet}
    12 | D        | Found a corrupted altar of Lugonu.
    12 | D        | Found an ancient bone altar of Kikubaaqudgha.
    12 | D        | Found a burning altar of Makhleb.
    12 | D        | Found a transporter.
    23 | D        | Found a viscous altar of Jiyva.
    25 | D        | Found a hazy altar of Hepliaklqana.
    27 | D        | Found an opulent altar of Gozag.
    28 | D        | Found a white marble altar of Elyvilon.
    28 | D        | Found a shadowy altar of Dithmenos.
    28 | D        | Found a blossoming altar of Fedhas.
    28 | D        | Found a snail-covered altar of Cheibriados.
    32 | D        | Found a roughly hewn altar of Beogh.
    36 | D        | Found a broken altar of Ashenzari.
    37 | D        | Found a glowing golden altar of the Shining One.
    61 | D        | Entered arena 2.
    61 | D        | Noticed a floating eye
    62 | D        | Found a transporter.
    63 | D        | XOM: potion effect (brilliance)
    65 | D        | XOM: potion effect (invisibility)
    67 | D        | Paralysed by a floating eye for 3 turns
    73 | D        | Killed a floating eye
    74 | D        | Reached skill level 8 in Short Blades
    74 | D        | Reached skill level 1 in Armour
    74 | D        | Reached XP level 2. HP: 24/24 MP: 2/2
    74 | D        | Reached XP level 3. HP: 28/28 MP: 3/3
    74 | D        | Reached XP level 4. HP: 34/34 MP: 4/4
    74 | D        | Reached XP level 5. HP: 38/38 MP: 5/5
    87 | D        | Learned a level 3 spell: Inner Flame
    90 | D        | Entered arena 3.
    91 | D        | Noticed an ogre
    91 | D        | Noticed a two-headed ogre
    91 | D        | Noticed a two-headed ogre
    92 | D        | Found a transporter.
    95 | D        | Killed an ogre
    96 | D        | Reached skill level 9 in Short Blades
    96 | D        | Reached skill level 1 in Stealth
    96 | D        | Reached XP level 6. HP: 27/44 MP: 5/9
    96 | D        | Killed a two-headed ogre
    96 | D        | Killed a two-headed ogre
    97 | D        | Reached skill level 10 in Fighting
    97 | D        | Reached skill level 13 in Short Blades
    97 | D        | Reached XP level 7. HP: 32/53 MP: 5/16
    97 | D        | Reached XP level 8. HP: 36/59 MP: 5/17
    97 | D        | Reached XP level 9. HP: 39/63 MP: 5/18
   119 | D        | Learned a level 1 spell: Pain
   124 | D        | Learned a level 4 spell: Animate Dead
   219 | D        | Entered arena 4.
   225 | D        | Reached skill level 1 in Necromancy
   226 | D        | Found a transporter.
   233 | D        | XOM: silly message
   239 | D        | Got the ring "Suonu" {Wiz MR+}
   446 | D        | Learned a level 5 spell: Agony
   448 | D        | Entered arena 5.
   450 | D        | Found a transporter.
   459 | D        | Got the cursed +0 chain mail "Boet" {*Slow rElec rF+}
   463 | D        | Got the +0 plate armour of the Turtle {rPois rC+}
   481 | D        | XOM: divination: magic mapping
   644 | D        | Reached skill level 5 in Long Blades
   644 | D        | Reached skill level 5 in Necromancy
   644 | D        | Reached XP level 10. HP: 70/70 MP: 20/20
   649 | D        | Entered arena 6.
   649 | D        | Noticed a deep elf mage
   649 | D        | Noticed a deep elf knight
   650 | D        | Noticed a +4 trident of flaming
   652 | D        | Noticed an elephant
   652 | D        | a snapping turtle changed into an elephant
   653 | D        | Noticed an eye of devastation
   653 | D        | an elephant changed into an eye of devastation
   653 | D        | Slain by a +4 trident of flaming

Illustrated notes

Levels and vault maps discovered:
D:        sprint_v [room_start, room_1, room_2, room_3, room_4, room_5, room_6,
          room_7, room_8, room_9, room_10, room_11, room_12, room_13, room_14,
          room_15, room_16, room_17, room_18, room_19, room_20, room_21,
          room_22, room_23, room_24, room_25, room_26, room_27]

Skill      XL: |  1  2  3  4  5  6  7  8  9 |
---------------+----------------------------+-----
Fighting       | 7 8 10 11 | 11.2
Short Blades   | 8 9 13 | 13.4
Armour         | 1 2 3 |  3.5
Dodging        | 4 6 7 |  7.1
Stealth        | 1 2 |  2.8
Spellcasting   | 2 6 |  6.8
Hexes          | 2 6 |  6.3
Fire Magic     | 2 6 |  6.6
Long Blades    | 2 5 |  5.3
Necromancy     | 5 |  5.3
Axes           | |  0.3

Action                   |  1- 3 |  4- 6 |  7- 9 | 10-12 || total
-------------------------+-------+-------+-------+-------++-------
Melee: Short sword       |     7 |     4 |       |       ||    11
       Double sword      |       |     2 |    11 |     2 ||    15
       Broad axe         |       |       |     6 |       ||     6
  Use: Potion            |       |       |     1 |     1 ||     2
       Scroll            |       |       |     1 |       ||     1
Armor: Plate armour      |       |       |    12 |       ||    12
       Leather armour    |       |       |     4 |       ||     4
Dodge: Dodged            |       |     6 |    25 |     5 ||    36
       Rpst.: Double sword |       |     2 |     2 |     1 ||     5

Table legend: (Time is in decaauts)
 A = Elapsed time spent in this place.
 B = Non-inter-level travel time spent in this place.
 C = Inter-level travel time spent in this place.
 D = Time resting spent in this place.
 E = Time spent auto-exploring this place.
 F = Levels seen in this place.
 G = Mean time per level.
                   A        B        C        D        E       F      G
               +--------+--------+--------+--------+--------+-----+--------+
         Total |    653 |    653 |      0 |    447 |      0 |   1 |  653.0 |
       Dungeon |    653 |    653 |      0 |    447 |      0 |   1 |  653.0 |
               +--------+--------+--------+--------+--------+-----+--------+

Top non-repeatable levels by time:
       D: 653 daAuts
